Map: Ephemeron LE

Players

Kopankiewicz (Blysk)

  • Race: Protoss Protoss
  • League: Bronze
  • Spawn Location: 11:00

Acampado (EnDerr) - Winner!

  • Race: Zerg Zerg
  • Spawn Location: 5:00

Event: SEA Games 2019

VOD

https://www.twitch.tv/videos/519454718?t=02h12m27s

Description

Time

  • Played on: Dec. 9, 2019, 10:29 p.m.
  • Length: 18:47

All games in this series

Show
View Real Time Build Order
Export as new Build Order

Kopankiewicz Protoss 

Build Orders: 1 Gate Expand, Oracle Opening 

Get SALT Encoding   

  12  0:00  Probe  
  13  0:12  Probe  
  14  0:19  Pylon  
  14  0:24  Probe  
  15  0:37  Probe (Chrono Boost)  
  15  0:38  Gateway  
  16  0:44  Assimilator  
  16  0:47  Probe (Chrono Boost)  
  17  0:53  Probe  
  18  1:05  Probe  
  19  1:18  Probe  
  20  1:25  Nexus  
  20  1:30  Probe  
  21  1:37  Cybernetics Core  
  21  1:45  Assimilator  
  21  1:46  Probe  
  22  1:52  Pylon  
  22  1:58  Probe  
  23  2:10  Probe, Adept (Chrono Boost)  
  26  2:18  Stargate  
  26  2:22  Probe  
  27  2:27  Pylon  
  27  2:28  Warp Gate  
  27  2:34  Adept (Chrono Boost)  
  29  2:40  Probe  
  29  2:42  Probe  
  31  2:49  Pylon  
  30  2:52  Probe  
  30  2:54  Probe  
  30  2:57  Adept (Chrono Boost)  
  34  3:05  Gateway, Oracle (Chrono Boost)  
  35  3:09  Probe  
  38  3:16  Probe  
  39  3:21  Probe  
  40  3:28  Probe  
  40  3:32  Oracle (Chrono Boost)  
  40  3:33  Probe, Pylon  
  43  3:40  Probe  
  44  3:45  Probe  
  45  3:49  Forge, Pylon  
  45  3:52  Probe  
  46  3:57  Probe  
  46  4:00  Oracle (Chrono Boost)  
  47  4:05  Probe  
  47  4:09  Assimilator, Probe  
  52  4:15  Pylon  
  52  4:17  Probe  
  53  4:18  Adept  
  53  4:20  Adept  
  53  4:21  Probe  
  53  4:22  Assimilator  
  58  4:29  Probe  
  59  4:33  Probe  
  60  4:41  Probe, Stalker x2  
  62  4:45  Probe  
  62  4:50  Robotics Facility  
  63  4:53  Probe  
  63  4:55  Pylon  
  63  4:58  Probe  
  63  4:59  Pylon  
  65  5:05  Probe  
  66  5:07  Nexus  
  66  5:09  Protoss Ground Weapons Level 1  
  66  5:10  Probe  
  66  5:13  Pylon  
  67  5:17  Probe  
  68  5:21  Shield Battery  
  68  5:33  Probe  
  68  5:35  Gateway, Immortal (Chrono Boost)  
  69  5:36  Gateway  
  69  5:41  Robotics Bay  
  73  5:56  Probe  
  74  6:00  Sentry x2  
  78  6:04  Immortal (Chrono Boost)  
  78  6:05  Twilight Council, Probe  
  78  6:08  Probe  
  78  6:10  Gateway  
  84  6:17  Probe  
  85  6:20  Probe  
  84  6:27  Probe  
  84  6:29  Probe  
  84  6:32  Probe  
  83  6:33  Disruptor (Chrono Boost)  
  83  6:35  Pylon  
  83  6:37  Pylon  
  83  6:39  Probe  
  87  6:41  Probe, Photon Cannon  
  87  6:42  Stalker  
  87  6:43  Stalker  
  87  6:44  Probe, Sentry  
  95  6:51  Probe  
  95  6:53  Probe  
  97  6:54  Blink (Chrono Boost)  
  97  6:56  Probe  
  97  6:59  Warp Prism (Chrono Boost)  
  97  7:01  Assimilator  
  100  7:03  Probe  
  100  7:04  Assimilator  
  100  7:05  Probe  
  100  7:08  Stalker x2  
  106  7:11  Photon Cannon  
  106  7:14  Pylon  
  106  7:16  Dark Shrine  
  106  7:17  Probe x2  
  105  7:26  Stalker x2  
  109  7:32  Disruptor (Chrono Boost)  
  112  7:45  Stalker x2  
  112  7:46  Zealot  
  112  7:51  Zealot x2, Gateway  
  118  7:53  Gateway  
  116  8:00  Immortal (Chrono Boost)  
  114  8:07  Pylon  
  114  8:09  Pylon  
  113  8:14  Probe x2  
  113  8:15  Probe  
  116  8:26  Probe  
  117  8:29  Disruptor (Chrono Boost)  
  117  8:33  Stalker x2  
  117  8:34  Stalker x3  
  128  8:38  Gateway x2  
  130  8:45  Charge (Chrono Boost)  
  130  8:53  Stalker x2  
  134  9:02  Warp Prism (Chrono Boost)  
  132  9:03  Pylon  
  132  9:08  Stalker x3  
  134  9:12  Zealot x2  
  134  9:16  Dark Templar  
  140  9:20  Dark Templar  
  142  9:26  Probe  
  142  9:29  Probe x2  
  109  9:47  Probe  
  109  9:48  Dark Templar  
  109  9:50  Stalker x3  
  105  9:55  Dark Templar  
  99  10:02  Stalker  
  99  10:04  Probe x3  
  101  10:19  Probe  
  101  10:20  Probe, Disruptor (Chrono Boost)  
  90  10:31  Dark Templar x3  
  90  10:33  Probe  
  90  10:34  Probe  
  98  10:35  Probe  
  99  10:46  Disruptor (Chrono Boost)  
  102  10:50  Archon, Dark Templar  
  102  10:51  Zealot  
  106  10:58  Archon x2  
  106  11:02  Zealot  
  106  11:03  Stalker x2  
  112  11:08  Dark Templar  
  106  11:23  Zealot x3  
  102  11:28  Stalker x2  
  97  11:33  Zealot x2  
  97  11:37  Disruptor (Chrono Boost)  
  96  11:49  Probe  
  96  11:50  Probe x2  
  99  11:54  Pylon x2  
  99  12:01  Probe  
  99  12:06  Disruptor (Chrono Boost)  
  98  12:13  Stalker x4  
  98  12:14  Stalker  
  98  12:15  Stalker  
  111  12:19  Probe (Chrono Boost)  
  111  12:20  Probe (Chrono Boost)  
  114  12:25  Probe (Chrono Boost)  
  114  12:28  Stalker x2  
  119  12:30  Probe (Chrono Boost)  
  119  12:35  Disruptor (Chrono Boost)  
  122  12:44  Zealot  
  122  12:48  Probe  
  122  12:49  Pylon  
  123  12:55  Sentry  
  125  12:59  Nexus  
  125  13:00  Probe  
  126  13:09  Zealot  
  128  13:13  Zealot  
  128  13:14  Zealot x2  
  128  13:26  Stalker x3  
  118  13:33  Stalker x2  
  114  13:36  Sentry x2  
  118  13:43  Stalker  
  117  13:49  Dark Templar x2  
  117  13:50  Dark Templar  
  117  13:54  Archon  
  117  13:55  Archon  
  120  13:59  Disruptor (Chrono Boost)  
  123  14:07  Pylon, Nexus  
  123  14:19  Zealot x2  
  123  14:21  Zealot  
  123  14:22  Observer (Chrono Boost)  
  123  14:23  Zealot  
  132  14:34  Probe  
  133  14:39  Dark Templar x3  
  133  14:40  Zealot x3, Dark Templar  
  133  14:43  Probe  
  148  14:45  Archon  
  148  14:46  Archon  
  148  14:56  Pylon  
  148  14:59  Nexus  
  148  15:09  Pylon  
  145  15:14  Probe x2, Observer  
  145  15:21  Oracle (Chrono Boost)  
  141  15:38  Zealot x6  
  149  15:44  Zealot x2  
  91  16:07  Zealot x5  
  91  16:09  Disruptor (Chrono Boost)  
  94  16:15  Templar Archives  
  97  16:23  Dark Templar x2  
  97  16:24  Sentry  
  103  16:27  Archon  
  103  16:28  Probe x2  
  105  16:33  Probe  
  106  16:43  Disruptor (Chrono Boost)  
  103  16:52  Dark Templar x3  
  109  16:56  Archon, Dark Templar  
  99  17:01  Archon  
  99  17:03  Sentry x2  
  99  17:04  High Templar  
  105  17:12  Zealot, High Templar  
  109  17:19  Archon  
  109  17:28  Zealot x4  
  113  17:38  Disruptor (Chrono Boost)  
  96  17:47  Dark Templar  
  96  17:49  Dark Templar  
  97  17:54  Archon  
  94  18:00  Zealot  
  94  18:01  Zealot  
  93  18:11  Disruptor (Chrono Boost)  
Show
View Real Time Build Order
Export as new Build Order

Acampado Zerg - Winner!

Build Orders: Hatch First, Lurkers, Swarm Host 

Get SALT Encoding   

  12  0:00  Drone  
  13  0:12  Overlord  
  13  0:17  Drone  
  14  0:31  Drone x2  
  16  0:49  Hatchery  
  15  0:51  Drone  
  15  0:54  Drone  
  17  0:58  Drone  
  18  1:08  Extractor  
  17  1:14  Spawning Pool  
  16  1:18  Drone  
  16  1:22  Drone  
  18  1:30  Drone  
  19  1:43  Drone  
  20  1:52  Drone  
  21  2:01  Queen x2  
  21  2:03  Drone x2  
  27  2:11  Metabolic Boost  
  27  2:23  Zergling x2  
  27  2:24  Overlord  
  28  2:43  Zergling x6  
  28  2:44  Drone x2  
  33  3:02  Hatchery  
  33  3:05  Queen, Overlord  
  34  3:07  Drone x2  
  36  3:24  Spore Crawler  
  36  3:25  Drone  
  36  3:28  Spore Crawler  
  37  3:34  Drone x5  
  37  3:35  Drone x2  
  43  3:45  Overlord  
  43  3:49  Pneumatized Carapace  
  42  4:00  Drone x2  
  44  4:02  Spore Crawler  
  44  4:05  Drone  
  44  4:06  Drone x3  
  47  4:10  Queen  
  47  4:11  Overlord  
  47  4:14  Queen  
  51  4:19  Drone x4  
  53  4:32  Queen  
  53  4:33  Overlord  
  53  4:35  Drone  
  53  4:37  Roach Warren  
  51  4:39  Drone x5  
  56  4:51  Lair  
  56  4:54  Drone x7  
  56  4:55  Drone  
  56  4:57  Extractor  
  61  5:05  Drone x5  
  66  5:12  Extractor  
  65  5:14  Overlord x2  
  65  5:17  Drone  
  66  5:28  Drone x8  
  72  5:37  Overlord x2  
  72  5:38  Extractor  
  72  5:39  Extractor x2  
  69  5:50  Drone x2  
  69  5:51  Drone, Evolution Chamber  
  69  5:52  Drone, Glial Reconstitution  
  69  5:54  Overlord  
  69  5:55  Roach x2  
  76  5:59  Roach x3  
  76  6:00  Roach x2  
  86  6:06  Roach  
  86  6:10  Overlord  
  88  6:13  Drone  
  88  6:14  Drone  
  88  6:15  Drone  
  91  6:25  Drone x3  
  91  6:26  Drone x4  
  91  6:27  Zerg Missile Weapons Level 1, Overlord  
  91  6:29  Roach  
  97  6:33  Ravager x5  
  97  6:38  Roach x2  
  105  6:43  Overlord  
  105  6:47  Roach x3  
  111  6:50  Ravager  
  111  6:52  Roach x3  
  118  6:59  Roach  
  118  7:00  Roach x3  
  118  7:01  Roach  
  128  7:02  Overlord  
  128  7:12  Infestation Pit  
  127  7:17  Hatchery  
  127  7:19  Drone, Overlord  
  127  7:20  Overlord  
  127  7:37  Overlord x2  
  127  7:39  Nydus Network  
  111  7:49  Swarm Host x7  
  132  7:58  Swarm Host x2  
  138  8:15  Overlord  
  138  8:18  Queen  
  140  8:27  Nydus Canal, Zergling x2  
  140  8:28  Zergling x22  
  140  8:33  Roach x2  
  156  8:38  Overlord  
  156  8:39  Overlord  
  156  8:49  Roach x3  
  159  8:58  Roach x5  
  159  9:00  Roach x2  
  159  9:01  Roach  
  159  9:02  Roach x3  
  175  9:05  Roach  
  175  9:07  Queen  
  175  9:08  Queen  
  181  9:14  Roach x2  
  181  9:15  Roach x3  
  188  9:17  Roach  
  188  9:18  Roach x2  
  188  9:19  Roach x3  
  188  9:21  Roach  
  196  9:25  Roach  
  196  9:26  Overseer x2  
  196  9:27  Roach x3  
  190  9:31  Roach  
  183  9:39  Roach x2  
  183  9:41  Roach  
  183  9:42  Roach  
  183  9:43  Queen  
  183  9:44  Roach x3  
  183  9:45  Roach  
  183  9:46  Roach x3  
  183  9:47  Roach  
  183  9:49  Roach  
  183  9:52  Roach x2  
  187  9:53  Roach x2  
  187  9:54  Roach  
  189  10:00  Roach  
  189  10:03  Roach  
  189  10:04  Roach x2  
  189  10:06  Roach  
  189  10:07  Roach  
  191  10:12  Roach x2  
  191  10:20  Nydus Canal  
  185  10:28  Spore Crawler  
  185  10:30  Zerg Missile Weapons Level 2  
  185  10:32  Overlord x2  
  185  10:33  Roach x3  
  185  10:34  Overseer  
  190  10:45  Infestation Pit  
  190  10:46  Hydralisk Den  
  186  10:51  Ravager x5  
  186  10:52  Ravager x3  
  194  11:04  Roach  
  196  11:09  Roach  
  198  11:14  Roach  
  186  11:20  Roach  
  186  11:22  Roach x2  
  186  11:24  Roach  
  173  11:27  Roach  
  173  11:30  Roach x4  
  173  11:31  Roach x10  
  174  11:35  Roach  
  174  11:38  Roach x2  
  176  11:43  Roach x2  
  176  11:44  Roach  
  176  11:47  Roach x3  
  181  11:52  Zergling x2  
  181  11:53  Zergling x4  
  184  11:59  Overseer x2  
  184  12:05  Overlord x2  
  184  12:17  Overlord  
  184  12:18  Grooved Spines  
  184  12:19  Hive  
  184  12:23  Lurker Den  
  183  12:30  Extractor  
  183  12:31  Extractor  
  180  12:42  Hydralisk  
  180  12:43  Hydralisk x8  
  193  12:44  Zergling x6  
  195  12:53  Overlord  
  195  12:54  Zerg Melee Weapons Level 1  
  195  13:07  Nydus Canal  
  184  13:22  Zergling x36  
  159  13:27  Hydralisk x6  
  159  13:29  Muscular Augments  
  159  13:30  Hydralisk  
  151  13:39  Adaptive Talons  
  151  13:41  Lurker x2  
  149  13:42  Lurker  
  149  13:58  Lurker x2  
  149  14:01  Drone  
  149  14:02  Drone x7  
  159  14:03  Drone x2  
  159  14:05  Adrenal Glands  
  161  14:15  Hydralisk  
  161  14:16  Hydralisk x2  
  152  14:35  Lurker x2  
  152  14:36  Seismic Spines  
  154  14:42  Lurker  
  150  14:46  Zergling x32  
  165  15:00  Lurker  
  165  15:01  Lurker x2  
  165  15:02  Hydralisk x3  
  165  15:03  Hydralisk  
  176  15:11  Hydralisk x2  
  176  15:12  Hydralisk x2  
  183  15:42  Hydralisk x2  
  183  15:47  Hydralisk x3  
  177  15:51  Hatchery, Hydralisk x5  
  177  15:52  Hydralisk x2  
  157  16:01  Hydralisk x2  
  157  16:02  Hydralisk  
  158  16:04  Hydralisk  
  158  16:08  Overseer  
  154  16:11  Hydralisk x2  
  154  16:15  Hydralisk  
  157  16:21  Hydralisk x2  
  157  16:22  Hydralisk  
  157  16:24  Zergling x2  
  162  16:25  Overseer  
  162  16:27  Hydralisk  
  162  16:30  Hydralisk  
  166  16:33  Hydralisk  
  168  16:41  Hydralisk  
  168  16:42  Hydralisk  
  172  16:49  Hydralisk x3  
  172  16:52  Hydralisk  
  172  16:53  Hydralisk  
  182  17:06  Lurker x3  
  182  17:07  Overlord  
  181  17:16  Viper x3  
  190  17:25  Overseer  
  167  17:45  Spore Crawler  
  166  17:53  Hydralisk x9  
  166  17:56  Hydralisk  
  166  17:58  Overseer  
  183  18:04  Hydralisk x3  
Tags
 
Add a new tag
Caveats
  • Supply blocks, unpowered buildings, or Contaminate may cause inaccurate times.
  • Supply counts are checked every 10 seconds.